 Dungeon Crawl Stone Soup version 0.29-a0-234-g0dae59b3db (webtiles) character file.

Game seed: 653506327371819383

5100 Hasart the Archer (level 10, -19/83 HPs)
             Began as a Demigod Hunter on Mar 2, 2022.
             Killed from afar by an acid dragon (33 damage)
             ... with a splash of acid
             ... on level 9 of the Dungeon.
             The game lasted 00:18:34 (10105 turns).

Hasart the Archer (Demigod Hunter)                 Turns: 10105, Time: 00:18:34

Health: -19/83     AC:  1    Str: 13    XL:     10   Next: 11%
Magic:  13/13      EV: 18    Int: 16    God:
Gold:   403        SH:  0    Dex: 32    Spells: 9/9 levels left

rFire   . . .      SeeInvis .   a - +2 shortbow
rCold   . . .      Faith    .   (shield currently unavailable)
rNeg    . . .      Spirit   .   o - +1 troll leather armour {Pargi}
rPois   +          Reflect  .   p - +1 helmet {Int+3}
rElec   .          Harm     .   z - +0 cloak
rCorr   .          Rampage  .   (no gloves)
Will    +....                   s - +0 pair of boots
Stlth   ++++......              (no amulet)
HPRegen 1.03/turn               j - +6 ring of dexterity
MPRegen 0.13/turn               x - ring of poison resistance

@: corroded
A: high MP 1, forlorn, divine attributes
a: no special abilities


You were on level 9 of the Dungeon.
You visited 2 branches of the dungeon, and saw 10 of its levels.
You also visited: Sewer.

You collected 403 gold pieces.

Inventory:

Hand Weapons
 a - a +2 shortbow (weapon)
Missiles
 h - 2 throwing nets
Armour
 e - the +0 leather armour "Pinteih" {Will+}
   (You found it on level 4 of the Dungeon)

   Will:      It increases your willpower.
 o - a +1 troll leather armour (worn) {Pargi}
 p - a +1 helmet of intelligence (worn)
 s - a +0 pair of boots (worn)
 y - +0 swamp dragon scales
 z - a +0 cloak (worn)
Jewellery
 j - a +6 ring of dexterity (left hand)
 x - a ring of poison resistance (right hand)
Wands
 i - a wand of mindburst (18)
 q - a wand of charming (9)
 A - a wand of paralysis (12)
Scrolls
 b - 2 scrolls of enchant weapon
 k - 13 scrolls of identify
 u - a scroll of amnesia
 v - a scroll of blinking
 B - a scroll of fog
Potions
 c - 2 potions of flight
 d - 2 potions of lignification {unknown}
 f - 2 potions of might
 g - 5 potions of curing
 l - 2 potions of mutation
 m - 2 potions of resistance {unknown}
 n - a potion of magic
 r - 3 potions of berserk rage {unknown}
 t - a potion of attraction {unknown}
 w - a potion of heal wounds {unknown}


   Skills:
 + Level 6.0 Fighting
 * Level 9.2 Bows
 + Level 6.0 Dodging
 + Level 6.3 Stealth
 + Level 5.0 Evocations


You had 9 spell levels left.
You didn't know any spells.
Your spell library contained the following spells:

 Spells                   Type           Power      Damage    Failure   Level
 Freeze                   Ice            0%         1d3       32%         1
 Magic Dart               Conj           0%         1d3       32%         1
 Searing Ray              Conj           0%         2d4       43%         2
 Static Discharge         Conj/Air       0%         N/A       43%         2
 Sublimation of Blood     Necr           0%         N/A       43%         2
 Wereblood                Tmut           0%         N/A       43%         2
 Dazzling Flash           Conj/Hex       0%         N/A       67%         3
 Frozen Ramparts          Ice            0%         1d2       67%         3
 Gell's Gravitas          Tloc           0%         N/A       67%         3
 Summon Guardian Golem    Hex/Summ       0%         N/A       67%         3
 Teleport Other           Tloc           0%         N/A       67%         3
 Dispel Undead            Necr           0%         3d6       97%         4
 Fulminant Prism          Conj/Hex       0%         3d6       97%         4
 Hailstorm                Conj/Ice       0%         3d3       97%         4
 Sticky Flame             Conj/Fire      0%         2d3       97%         4
 Agony                    Necr           0%         N/A       100%        5
 Silence                  Hex/Air        0%         N/A       100%        5
 Dispersal                Tloc           0%         N/A       100%        6
 Monstrous Menagerie      Summ           0%         N/A       100%        7
 Ozocubu's Refrigeration  Ice            0%         4d5       100%        7
 Summon Hydra             Summ           0%         N/A       100%        7
 Borgnjor's Revivificati  Necr           0%         N/A       100%        8
 Infestation              Necr           0%         N/A       100%        8


Dungeon Overview and Level Annotations

Branches:
Dungeon (9/15)             Temple (1/1) D:5           Sewer (visited)
   Lair: D:8-11         Orc: D:9-12

Shops:
D:6 (

Annotations:
D:6 4 runed translucent doors, Crazy Yiuf; trm's ghost, novice OpCj
D:7 3 runed translucent doors, manifold's ghost, novice DsVM


Innate Abilities, Weirdness & Mutations

You have an increased reservoir of magic. (+10% MP)
You shall have no god before yourself.
Your divine heritage dramatically boosts your attributes as you level up.


Message History

No target in view!
No target in view!
Things that are here:
a +0 shortbow; a centaur corpse You open the door.
There is an open door here.
Found an escape hatch in the floor.
Found a robe.
No target in view!
No target in view!
No target in view!
An acid dragon comes into view.
An acid dragon is nearby!
An acid dragon is nearby!
You shoot an arrow.
The arrow closely misses the acid dragon.
The acid dragon roars!
You shoot an arrow.
The arrow hits the acid dragon but does no damage.
The acid dragon spits acid at you. The splash of acid hits you!
The acid corrodes you!
You shoot an arrow. The arrow hits the acid dragon.
The acid dragon is lightly wounded.
The acid dragon spits acid at you. The splash of acid hits you!!
The acid corrodes you!
You are too injured to fight recklessly!
You are too injured to fight recklessly!
You are too injured to fight recklessly!
The acid dragon spits acid at you. The splash of acid hits you!!
* * * LOW HITPOINT WARNING * * *
You hear an angry buzzing noise. x2
The acid dragon spits acid at you. The splash of acid hits you!!
* * * LOW HITPOINT WARNING * * *
A killer bee comes into view.
There is a stone staircase leading down here.
The acid dragon spits acid at you. The splash of acid hits you!!
You die...

...#..........###'## ##..........
..###D...###.......###...........
...#....## ##D...................
........# #....................
..[.....## ##.........)..........
.........###.....................
..........y..............###.....
........................## #...
................@.......# ..
........................#
.......y.................
.........###..>..........
........## ##........... .......
#........... #...........
.......###..


You could see an acid dragon (catching breath) and a killer bee (wandering).

Vanquished Creatures
  Maggie (D:7)
  Prince Ribbit (D:7)
  Grinder (D:3)
  Sigmund (D:4)
  A wyvern (D:7)
  A yak (D:8)
  Eustachio (D:6)
  3 steam dragons
  Menkaure (D:4)
  Edmund (D:5)
  A water moccasin (D:7)
  Duvessa (D:7)
  Pargi (Sewer)
  2 orc warriors
  2 sky beasts
  A black bear (D:5)
  An ogre (D:6)
  2 centaurs
  A phantom (D:4)
  2 gnoll sergeants (D:6)
  3 bullfrogs (D:8)
  8 wights
  Dowan (D:7)
  5 killer bees
  12 hounds
  A jelly (D:8)
  4 orc priests
  3 gnoll shamans (D:6)
  Jessica (D:2)
  2 iguanas (D:6)
  2 orc wizards
  22 gnolls
  9 adders
  A river rat (D:6)
  3 shadow imps
  A worm (D:6)
  3 dart slugs
  33 orcs
  7 ball pythons
  5 bats
  10 endoplasms
  5 giant cockroaches
  4 goblins
  5 hobgoblins
  8 jackals
  8 kobolds
  3 quokkas
  2 frilled lizards
  5 rats
202 creatures vanquished.

Vanquished Creatures (others)
  A plant (D:4)
1 creature vanquished.

Grand Total: 203 creatures vanquished

Notes
Turn   | Place    | Note
-------+----------+-------------------------------------------
     0 | D:1      | Hasart the Demigod Hunter began the quest for the Orb.
     0 | D:1      | Reached XP level 1. HP: 17/17 MP: 3/3
    44 | D:1      | Reached skill level 1 in Stealth
   304 | D:1      | Reached XP level 2. HP: 24/24 MP: 4/4
   559 | D:1      | Reached skill level 4 in Bows
   584 | D:1      | Reached XP level 3. HP: 29/29 MP: 5/5
   935 | D:2      | Noticed Jessica
   951 | D:2      | Killed Jessica
  1189 | D:2      | Reached XP level 4. HP: 34/37 MP: 6/6
  2634 | D:3      | Noticed Grinder
  2711 | D:4      | Reached XP level 5. HP: 42/42 MP: 7/7
  2748 | D:4      | Reached skill level 5 in Bows
  3114 | D:4      | Noticed a centaur
  3139 | D:3      | Paralysed by Grinder for 2 turns
  3445 | D:4      | Noticed Sigmund
  3458 | D:5      | Entered Level 5 of the Dungeon
  3648 | D:5      | Found a staircase to the Ecumenical Temple.
  3845 | D:5      | Noticed Edmund
  3891 | Temple   | Entered the Ecumenical Temple
  4189 | D:5      | Killed Edmund
  4190 | D:5      | Reached XP level 6. HP: 35/51 MP: 8/8
  4494 | D:5      | Reached skill level 1 in Evocations
  5031 | D:4      | Noticed Menkaure
  5061 | D:4      | Identified the +0 leather armour "Pinteih" {Will+}
  5096 | D:4      | Killed Menkaure
  5097 | D:4      | Reached XP level 7. HP: 30/57 MP: 9/9
  5333 | D:4      | Killed Sigmund
  5334 | D:4      | Reached skill level 6 in Bows
  6205 | D:3      | Got Vawkif's Papyrus of Unholy Rites
  6268 | D:3      | Killed Grinder
  6463 | D:6      | Noticed trm's ghost (novice OpCj)
  6480 | D:6      | Reached XP level 8. HP: 44/66 MP: 10/10
  6585 | D:6      | Found a glowing drain.
  6598 | Sewer    | Entered a sewer
  6647 | Sewer    | Noticed Pargi
  6665 | Sewer    | Killed Pargi
  7079 | D:6      | Reached skill level 7 in Bows
  7098 | D:6      | Found Vijuiqop's Weapon Shop.
  7329 | D:6      | Got Sif Muna's Compendium of the Glacier and Creation
  7510 | D:6      | Noticed Eustachio
  7532 | D:6      | Killed Eustachio
  7533 | D:6      | Reached skill level 5 in Fighting
  7533 | D:6      | Reached skill level 5 in Stealth
  7533 | D:6      | Reached XP level 9. HP: 74/74 MP: 11/11
  7553 | D:6      | Found a runed translucent gate.
  7553 | D:6      | Found a runed translucent gate.
  7553 | D:6      | Found a runed translucent gate.
  7706 | D:6      | Found a runed translucent door.
  7707 | D:6      | Noticed Crazy Yiuf
  7888 | D:7      | Reached skill level 5 in Dodging
  7957 | D:7      | Reached skill level 8 in Bows
  8020 | D:7      | Noticed Maggie
  8040 | D:7      | Killed Maggie
  8078 | D:7      | Noticed Duvessa
  8090 | D:7      | Killed Duvessa
  8097 | D:7      | Found a runed translucent gate.
  8097 | D:7      | Noticed Dowan
  8106 | D:7      | Killed Dowan
  8132 | D:7      | Found a runed translucent gate.
  8133 | D:7      | Found a runed translucent gate.
  8134 | D:7      | Noticed manifold's ghost (novice DsVM)
  8464 | D:7      | Noticed Prince Ribbit
  8478 | D:7      | Killed Prince Ribbit
  9216 | D:8      | Reached skill level 9 in Bows
  9239 | D:8      | Reached XP level 10. HP: 82/83 MP: 13/13
  9465 | D:8      | Reached skill level 5 in Evocations
 10095 | D:9      | HP: 4/83 [acid dragon/splash of acid (20)]
 10105 | D:9      | Killed from afar by an acid dragon

Illustrated notes

Levels and vault maps discovered:
D:1:      pf_arrival_petrified_forest, layout_loops_ring
D:2:      layout_basic, uniq_jessica
D:3:      kennysheep_six_static_rooms, layout_basic, uniq_grinder
D:4:      layout_layer_cave, minitemple, serial_forest,
          infiniplex_forest_fountain, infiniplex_forest_lined_3_way,
          infiniplex_forest_straight_4, infiniplex_forest_end_1,
          infiniplex_forest_lined_room_3, infiniplex_forest_clump_tiny,
          infiniplex_forest_end_1, chequers_serial_rivers_small_b,
          small_statue_intersection, uniq_menkaure, uniq_sigmund
D:5:      layout_basic, minmay_temple_entry_junction_2, uniq_edmund
D:6:      minmay_evil_eye, layout_cave_pools, mainiacjoe_overflow_paths,
          gammafunk_ghost_icy, serial_gnoll_camp, gnoll_camp_huts_basic,
          gnoll_camp_mini_loothouse, gnoll_camp_mini_basic,
          gnoll_camp_mini_shop, cheibrodos_sewer_entry_sluice, uniq_eustachio,
          uniq_crazy_yiuf_cottage
D:7:      layout_basic, gammafunk_ghost_nasty_kobolds, uniq_prince_ribbit1,
          uniq_duvessa, uniq_maggie
D:8:      layout_loops_ring, nicolae_overflow_hidden_temple,
          nicolae_elyvilon_peaceful_grove, kennysheep_generic_room_7
D:9:      layout_big_octagon, serial_shops, nicolae_square_shop,
          chequers_serial_rivers_room_b
Temple:   regret_index_temple_sphere_string

Skill      XL: |  1  2  3  4  5  6  7  8  9 10 |
---------------+-------------------------------+-----
Stealth        | 1 2 3 4 5 6 |  6.3
Dodging        | 2 3 4 5 6 |  6.0
Fighting       | 2 3 4 5 6 |  6.0
Bows           | 4 5 6 7 9 |  9.2
Evocations     | 1 2 3 4 5 |  5.0

Action                   |  1- 3 |  4- 6 |  7- 9 | 10-12 || total
-------------------------+-------+-------+-------+-------++-------
 Fire: Shortbow          |    84 |   162 |   435 |    44 ||   725
  Use: Scroll            |       |    10 |     6 |       ||    16
Armor: Leather armour    |     8 |     3 |    10 |       ||    21
       Troll leather arm |       |       |    49 |     4 ||    53
Dodge: Dodged            |    12 |    60 |   208 |    23 ||   303

Table legend: (Time is in decaauts)
 A = Elapsed time spent in this place.
 B = Non-inter-level travel time spent in this place.
 C = Inter-level travel time spent in this place.
 D = Time resting spent in this place.
 E = Time spent auto-exploring this place.
 F = Levels seen in this place.
 G = Mean time per level.
                   A        B        C        D        E       F      G
               +--------+--------+--------+--------+--------+-----+--------+
         Total |  10287 |   9702 |    585 |    921 |   7083 |  11 |  935.2 |
       Dungeon |   9871 |   9286 |    585 |    777 |   6898 |   9 | 1096.8 |
        Temple |    158 |    158 |      0 |    144 |      0 |   1 |  158.0 |
         Sewer |    257 |    257 |      0 |      0 |    184 |   1 |  257.0 |
               +--------+--------+--------+--------+--------+-----+--------+

Top non-repeatable levels by time:
     D:5: 1846 daAuts
     D:3: 1407 daAuts
     D:4: 1402 daAuts
     D:7: 1102 daAuts
     D:6: 1082 daAuts
     D:2: 1061 daAuts
     D:8: 1057 daAuts
     D:1: 786 daAuts
   Sewer: 257 daAuts
  Temple: 158 daAuts
     D:9: 126 daAuts
